[Event "US Masters 2024"]
[Site "Charlotte"]
[Date "2024.11.28"]
[Round "2.1"]
[White "Caruana, Fabiano"]
[Black "Risteski, Emil"]
[Result "1-0"]
[ECO "E17"]
[WhiteElo "2805"]
[BlackElo "2378"]
[Annotator "TA"]
[PlyCount "177"]
[EventDate "2024.09.23"]
[EventType "swiss"]
[EventCountry "USA"]
[SourceTitle "playchess.com"]
[Source "ChessBase"]
[SourceQuality "1"]
[TimeControl "5400+30"]

1. d4 Nf6 2. c4 e6 3. Nf3 b6 4. g3 Bb7 5. Bg2 Be7 6. O-O O-O 7. Re1 Qc8 8. Nc3 Ne4 9. Bd2 d6 10. d5 {[%emt 1:23:42] The position is equal.} Nxd2 11. Qxd2 e5 12. b4 Nd7 13. e4 Qd8 14. Qe2 Bc8 15. Nd2 g6 16. a4 a5 17. bxa5 $1 Nc5 (17... Rxa5 $11 18. Nb3 Ra6) 18. axb6 $14 cxb6 19. Ra3 Bd7 20. Rea1 Kg7 21. Nb3 Nb7 22. Nb5 h5 23. h4 Rh8 24. Rf1 Bf6 25. Qe3 Ra6 26. Nc1 Qb8 (26... Na5 $14 27. Qd3 (27. Nxd6 $2 Qe7 $19) 27... Qc8) 27. Nd3 $16 Na5 28. Rc1 {[%emt 0:00:00] White is more active.} (28. Rc3 $16) 28... Nxc4 $14 29. Rxc4 Bxb5 30. Rb4 Bxd3 31. Qxd3 Qa7 32. Bf1 Ra5 33. Qb1 Rc8 34. Bb5 Rc5 35. Kg2 Bd8 36. Qd3 Qe7 37. Rc3 Ra7 38. Rbb3 Bc7 39. Qd2 Bd8 40. Qb2 Bc7 41. Rc1 Ra8 42. Rf1 Kg8 43. Qe2 Rf8 44. Rh1 {[%emt 0:00:00] Black is weak on the light squares} Kg7 45. Rbb1 Bd8 46. Rbc1 Qa7 47. Qd2 Rh8 48. Rc2 Bc7 49. Ra1 ({White should try} 49. Rb1 $14) 49... Rb8 50. Rf1 Rf8 51. Rxc5 (51. Qd3 $14) 51... bxc5 $11 52. f4 exf4 53. Qxf4 Qb8 54. Qf6+ Kg8 55. e5 Bd8 56. Qxd6 Bc7 57. Qxc5 Bxe5 58. Rf3 $36 {[%emt 0:01:03][%mdl 2048] White is pushing.} Bd6 59. Qd4 Qd8 60. Qf6 Be7 61. Qc6 Bd6 62. Qd7 Qxd7 63. Bxd7 $14 {[%emt 0:00:04][%mdl 4096] Endgame. KRB-KRB} Ra8 64. Bc6 Ra5 65. Be8 Ra7 66. Kf2 Kf8 67. Bb5 Ke7 68. Ke3 Be5 69. Kd3 Bd6 70. Kc4 Ra5 71. Re3+ Kf6 72. Be8 Rc5+ 73. Kd4 Rc8 {[%emt 0:00:05] [#] Hoping for ...Bc5+.} 74. Bc6 ({Reject} 74. Rf3+ $6 Kg7 75. Bc6 (75. Bxf7 Rb8 $11) (75. Rxf7+ Kg8 $11) 75... Rb8 $14) 74... Rb8 75. a5 Rb1 (75... Rb4+ $142 76. Kc3 Rb1) 76. a6 $16 Ra1 (76... Bc7 $16) 77. Bb5 $18 Ra5 78. Kc4 Ra1 79. Kd4 Ra5 $1 80. Rb3 Be7 $2 (80... Ke7 $16) 81. Bc4 $2 ({Better is} 81. Kc4 $18 {[%cal Ob3b4] Black must now prevent Rb4!} Ra2 82. Rb4 (82. Rf3+ Kg7 $18) 82... Rc2+ 83. Kb3) 81... Bd6 $2 (81... Bc5+ $14 82. Ke4 Ra4) 82. Rb6 Ke7 {[%emt 0:00:04] [#] Strongly threatening ...Bc5+.} 83. Rb7+ Ke8 (83... Kd8 $142 84. Bb5 (84. Rxf7 Bxg3 85. Rb7 Bh2 $18) 84... Kc8) 84. Bb5+ Kf8 85. a7 Kg7 86. Kc4 Bxg3 87. Be8 Bxh4 88. Rxf7+ ({And not} 88. Bxf7 Bf2 $11) 88... Kh6 (88... Kg8 $18 89. d6 Bg3) 89. Bc6 {[%emt 0:00:11] Weighted Error Value: White=0.10 (very precise) /Black=0.12 (very precise) .  Loses game:     	---       	Black=1      Missed win:     	White=1     	---        Mistake:       	White=3     	Black=7      Inaccurate:     	White=5     	Black=10     OK:         	White=20    	Black=24     Best:        	White=8     	Black=5      Strong:       	White=1     	Black=1} 1-0

[Event "US Masters 2024"]
[Site "Charlotte"]
[Date "2024.11.28"]
[Round "2.2"]
[White "Oparin, Grigoriy"]
[Black "Fishbein, Alexander"]
[Result "1-0"]
[ECO "C55"]
[WhiteElo "2653"]
[BlackElo "2373"]
[Annotator "TA"]
[PlyCount "83"]
[EventDate "2024.09.23"]
[EventType "swiss"]
[EventCountry "USA"]
[SourceTitle "playchess.com"]
[Source "ChessBase"]
[SourceQuality "1"]
[TimeControl "5400+30"]

1. e4 e5 2. Nf3 Nc6 3. Bc4 Nf6 4. d3 Be7 5. O-O O-O 6. Nc3 d6 7. a3 a5 8. h3 h6 9. Be3 Re8 {[%emt 0:01:51] The position is equal.} 10. Nd2 Be6 11. Nd5 a4 12. f4 exf4 13. Bxf4 (13. Nxf4 Bxc4 14. dxc4 Nd7 $15) 13... Ra5 14. Qf3 (14. Nxe7+ {simplifies} Qxe7 15. Bxe6 Qxe6 16. Nf3) 14... Ne5 15. Bxe5 dxe5 16. Nxf6+ Bxf6 17. Bxe6 Rxe6 18. Nc4 Rc5 19. Rf2 Qd7 20. Raf1 Bg5 21. Qh5 (21. Qxf7+ $2 {loses.} Qxf7 22. Rxf7 b5 23. Rf8+ Kh7 $17) 21... g6 22. Qe2 {[%emt 0:00:35] [#] Strongly threatening Rxf7.} Re7 23. Kh2 h5 24. g3 Kg7 25. h4 Bh6 26. Rf6 Kg8 27. Kg2 Bg7 28. R6f2 Bh6 29. Rf6 Bg7 30. R6f3 Rb5 31. Ne3 c6 (31... Rxb2 $2 {perishes.} 32. Nd5 $18) (31... Qe6 $11) 32. Nc4 Bh6 33. Qf2 {[%emt 0:00:44] aiming for c3.} Bg7 (33... f5 $16 {might work better.}) 34. Qa7 $18 b6 $2 {[%emt 0:00:56] [#]} (34... f5) 35. Qxa4 f5 36. b4 {[%emt 0:00:43] White is clearly winning.} Qe6 37. Qb3 ({Less strong is} 37. exf5 gxf5 38. Rxf5 e4 $18) 37... c5 38. Nd6 fxe4 39. dxe4 c4 40. Qxc4 Qxc4 41. Nxc4 Rc7 42. Nd6 {[%emt 0:00:04] Weighted Error Value: White=0.07 (flawless) /Black=0.36.  Mistake:       	---       	Black=3      Inaccurate:     	White=4     	Black=6      OK:         	White=11    	Black=12} 1-0

[Event "US Masters 2024"]
[Site "Charlotte"]
[Date "2024.11.28"]
[Round "2.3"]
[White "Zhao, Erick"]
[Black "Donchenko, Alexander"]
[Result "0-1"]
[ECO "B53"]
[WhiteElo "2387"]
[BlackElo "2617"]
[Annotator "TA"]
[PlyCount "54"]
[EventDate "2024.09.23"]
[EventType "swiss"]
[EventCountry "USA"]
[SourceTitle "playchess.com"]
[Source "ChessBase"]
[SourceQuality "1"]
[TimeControl "5400+30"]

1. e4 c5 2. Nf3 d6 3. d4 cxd4 4. Qxd4 Nf6 5. e5 Nc6 6. Qa4 ({Better is} 6. Bb5 $14 Qa5+ 7. Nc3 Qxb5 8. Nxb5 Nxd4 9. Nbxd4 dxe5 10. Nxe5) 6... Ng4 $11 {[%emt 0:03:29] [#] Strongly threatening ...Qb6.} 7. Bb5 Ngxe5 8. Nxe5 {[%emt 0:00:29] The position is equal.} dxe5 9. Bxc6+ bxc6 10. Be3 g6 11. Nc3 Bg7 (11... Qc7 $15) 12. Qxc6+ Bd7 13. Qb7 (13. Qa6 $11) 13... Qb8 $15 14. Qxb8+ Rxb8 15. O-O-O Bc6 16. f3 Rb7 ({Black should try} 16... e4 $15 17. f4 (17. Bxa7 Rb7 $17) (17. fxe4 Bxc3 18. bxc3 Bxe4 $15) 17... Bxc3 18. bxc3 f6) 17. Rd3 f5 18. Rhd1 Kf7 19. Rd8 Re8 20. Rxe8 Kxe8 21. Bc5 g5 22. Nd5 (22. Ne2 $142) 22... e4 $17 23. Nb4 $2 {[%emt 0:05:48] [#] This move loses the game for White.} (23. Bd4 $17 Bxd4 (23... Bxd5 24. Bxg7 Bc6 25. fxe4 $17) 24. Rxd4 exf3 25. gxf3) 23... exf3 $1 $19 ({Resist} 23... Rb5 24. Bxe7 exf3 (24... Bxb2+ 25. Kxb2 Kxe7 26. Kc3 $17) 25. a4 (25. Nxc6 $2 Bxb2+ 26. Kb1 Bd4+ 27. Bb4 fxg2 $19) 25... Rxb4 26. Bxb4 fxg2 (26... Bxa4 $2 27. gxf3 Bc6 28. Rd3 $18) 27. Re1+ Be4 28. Bc5 $19) 24. Nxc6 {[%emt 0:03:18] aiming for Bd4.} Bxb2+ 25. Kd2 Rd7+ {[%emt 0:00:56] Black is clearly winning.} ({Not} 25... fxg2 26. Bg1 $17) 26. Bd4 Bxd4 27. gxf3 Rd6 {[%emt 0:02:32] Weighted Error Value: White=0.35/Black=0.07 (flawless) .  Loses game:     	White=1     	---        Mistake:       	White=2     	Black=2      Inaccurate:     	White=3     	Black=1      OK:         	White=8     	Black=8      Best:        	White=3     	Black=6      Strong:       	---       	Black=1} 0-1

[Event "US Masters 2024"]
[Site "Charlotte"]
[Date "2024.11.28"]
[Round "2.4"]
[White "Mishra, Abhimanyu"]
[Black "Stefanov, Emil"]
[Result "1/2-1/2"]
[ECO "C55"]
[WhiteElo "2616"]
[BlackElo "2362"]
[Annotator "TA"]
[PlyCount "65"]
[EventDate "2024.09.23"]
[EventType "swiss"]
[EventCountry "USA"]
[SourceTitle "playchess.com"]
[Source "ChessBase"]
[SourceQuality "1"]
[TimeControl "5400+30"]

1. e4 e5 2. Nf3 Nc6 3. Bc4 Nf6 4. d3 Be7 5. O-O O-O 6. Re1 d6 7. a4 Be6 8. Nbd2 a5 9. h3 h6 10. b3 Nh7 11. Nf1 Ng5 12. Bxg5 Bxg5 13. Bxe6 fxe6 14. c3 Qf6 15. N1h2 Qg6 16. g3 {[%emt 0:05:36] White is weak on the dark squares} Rf7 17. Kg2 Raf8 18. Ra2 Bd8 19. Rb2 h5 20. h4 Kh8 21. Re3 Qh6 22. Qd2 Kh7 23. Re2 Qxd2 24. Rexd2 Kh6 25. b4 axb4 26. cxb4 g5 27. b5 Na5 {[%emt 0:00:08] Threatens to win with ...gxh4.} 28. hxg5+ Bxg5 29. Rd1 b6 30. d4 exd4 {[%emt 0:00:08] [#] Hoping for ...e5.} 31. Nxg5 Kxg5 32. f4+ Kh6 33. Rxd4 {[%emt 0:00:11] Weighted Error Value: White=0.08 (flawless) /Black=0.07 (flawless) .  Inaccurate:     	White=3     	Black=2      OK:         	White=11    	Black=8      Best:        	White=1     	---} 1/2-1/2

[Event "US Masters 2024"]
[Site "Charlotte"]
[Date "2024.11.28"]
[Round "2.5"]
[White "Bortnyk, Olexandr"]
[Black "Ippolito, Dean"]
[Result "1-0"]
[ECO "C47"]
[WhiteElo "2603"]
[BlackElo "2347"]
[Annotator "TA"]
[PlyCount "81"]
[EventDate "2024.09.23"]
[EventType "swiss"]
[EventCountry "USA"]
[SourceTitle "playchess.com"]
[Source "ChessBase"]
[SourceQuality "1"]
[TimeControl "5400+30"]

1. e4 e5 2. Nf3 Nf6 3. Nc3 Nc6 4. h3 d5 5. exd5 Nxd5 6. Bb5 Nxc3 7. bxc3 Bd6 8. O-O {[%emt 0:04:43][%cal Of3e5] The position is equal.} O-O 9. Re1 Qf6 10. d3 h6 11. Rb1 Ne7 12. Bc4 a6 13. d4 exd4 14. Qxd4 Qxd4 15. cxd4 b5 16. Bb3 Bf5 17. g4 Bh7 18. Ne5 a5 {[%emt 0:06:01][%cal Ba6a5,Ba5a4][%mdl 32] Strongly threatening ...a4.} 19. a3 a4 20. Ba2 c6 21. Re2 Rac8 22. f4 $1 Nd5 23. Bxd5 cxd5 24. f5 $1 Rfe8 {[%emt 0:02:16] Threatens to win with ...f6.} (24... f6 25. Nd3 $14) 25. Rf2 Rc3 26. Rxb5 Rxh3 27. Rxd5 Bxa3 (27... Bxe5 $11 {remains equal.} 28. dxe5 (28. Rxe5 Rxe5 29. dxe5 Rh4 $11) 28... Rh4) 28. Kg2 $16 Rc3 29. Bxa3 Rxa3 30. Ra5 f6 31. Nd3 (31. Nc4 $14 {deserves consideration.} Ra1 32. d5) 31... Re4 $1 $11 32. Ra8+ Kf7 33. Ra7+ Re7 $1 34. Ra8 Re4 35. Nf4 {[%emt 0:01:13] And now d5 would win.} h5 $2 (35... Rxd4 $11 {and Black is okay.} 36. Rf3 Rd2+ 37. Rf2 Rd4) 36. d5 $1 $18 {[%emt 0:01:14][%cal Bd4d5,Bd5d6,Bd6d7][%mdl 32] d6 would now be deadly.} (36. Nxh5 Rxg4+ 37. Kf1 Rh3 38. Ra7+ Kf8 39. Nxg7 Rxg7 $11) (36. gxh5 Bxf5 37. d5 Ra1 $11) 36... hxg4 $2 (36... Re8 37. Rxe8 Kxe8) 37. Ne6 {[%emt 0:00:08] Black must now prevent Ra7+.} g3 (37... Ke7 38. Ra6 Bxf5 39. Rxf5 $18) 38. Ra7+ Ke8 {[%emt 0:00:00] [#]} (38... Kg8 $18 39. d6 (39. Rxg7+ Kh8 $11) 39... Bxf5 (39... gxf2 40. Ra8+ Kf7 41. Rf8#) (39... Rxe6 $2 40. fxe6 Be4+ 41. Kg1 $18) 40. Rxf5 (40. Rxg7+ Kh8 $16) 40... Rxe6) 39. d6 $1 {[%emt 0:00:35][%csl Gd6][%cal Ra7e7] White mates.} Rxe6 {[%emt 0:00:21] [#]} 40. d7+ $1 (40. Ra8+ Kd7 41. fxe6+ Kxe6 $15) 40... Kd8 {[%emt 0:00:36] [#]} 41. Rd2 $1 {[%emt 0:00:05] Weighted Error Value: White=0.04 (flawless) /Black=0.40.  Loses game:     	---       	Black=1      Mistake:       	White=1     	Black=3      Inaccurate:     	---       	Black=1      OK:         	White=12    	Black=15     Best:        	White=6     	Black=2      Strong:       	White=2     	Black=2} (41. fxe6 $2 {too greedy.} Be4+ (41... gxf2 $2 {loses.} 42. Ra8+ Ke7 43. Re8+ Kd6 44. d8=Q+ $18) 42. Kf1 Ra1+ (42... gxf2 $2 43. Ra5 $19) 43. Ke2 gxf2 $19) 1-0

[Event "US Masters 2024"]
[Site "Charlotte"]
[Date "2024.11.28"]
[Round "2.6"]
[White "Gedajlovic, Max"]
[Black "Antipov, Mikhail Al."]
[Result "1/2-1/2"]
[ECO "D35"]
[WhiteElo "2377"]
[BlackElo "2602"]
[Annotator "TA"]
[PlyCount "73"]
[EventDate "2024.09.23"]
[EventType "swiss"]
[EventCountry "USA"]
[SourceTitle "playchess.com"]
[Source "ChessBase"]
[SourceQuality "1"]
[TimeControl "5400+30"]

1. d4 Nf6 2. c4 e6 3. Nc3 d5 4. cxd5 exd5 5. Bg5 Be6 6. e3 Nbd7 7. Bd3 c6 8. Nf3 {[%emt 0:05:15] White has an edge.} h6 9. Bh4 g5 10. Bg3 Nh5 11. Be5 Ng7 12. h3 Nxe5 13. dxe5 Qc7 14. a3 Rd8 15. Rc1 Be7 16. Qc2 a6 17. Kf1 Qb8 18. b4 O-O 19. Ne2 (19. g4 $1 $14) 19... f6 $1 $11 20. h4 $36 {[%emt 0:07:24][%mdl 2048] White has some pressure.} g4 {[%emt 0:08:18] [#]} (20... fxe5 $11 21. Bh7+ Kh8 22. hxg5 Rxf3 (22... Bxg5 $2 23. Nxg5 Rd6 24. Nf3 $18) (22... hxg5 $2 23. Bf5+ $18) 23. gxf3 Bxg5) 21. Nf4 $1 $16 f5 (21... gxf3 $2 {perishes.} 22. Bh7+ Kh8 23. Ng6+ Kxh7 24. Nxf8+ Kg8 25. Nxe6 Nxe6 (25... fxg2+ 26. Kxg2 Nxe6 27. Qg6+ Ng7 28. exf6 $18) 26. Qg6+ (26. gxf3 $2 Qxe5 27. Qg6+ Ng7 $19) 26... Ng7 27. exf6 Bxf6 28. Qxf6) (21... fxe5 22. Bh7+) 22. Nxe6 Nxe6 23. Bxf5 gxf3 24. Bxe6+ Kg7 25. Qc3 fxg2+ 26. Kxg2 {[%emt 0:00:02][%cal Bf1g2,Bg2f3,Bf3g4,Bg4h5][%mdl 32] [#] And now Rcg1 would win.} Kh8 27. Qd4 Rde8 28. f4 Bf6 (28... Bd8 {keeps fighting.}) 29. Bg4 $18 Rg8 30. Kf3 $1 Rxe5 (30... Bg7 $142 31. Bh5 Re7) 31. fxe5 Bxe5 32. Qd3 Rxg4 33. Kxg4 Qg8+ 34. Kh5 {[%emt 0:01:53][%cal Od3g6] Qg6! would kill now.} Qf7+ 35. Qg6 $2 (35. Kxh6 $18 Qg7+ 36. Kh5 Qf7+ 37. Kg5 Qf6+ 38. Kg4 Qg7+ 39. Kf3 (39. Kh5 Qf7+ 40. Kg5 Qf6+ 41. Kg4 Qg7+ 42. Kf3 Qg3+ 43. Ke2 Qg2+ 44. Ke1 Qxh1+ 45. Kd2 Qxh4 $18) 39... Qg3+ 40. Ke2 Qg2+ 41. Kd1 Qxh1+ 42. Kd2 Qh2+ 43. Qe2) 35... Qf3+ $11 36. Qg4 Qf7+ 37. Qg6 $1 {[%emt 0:00:50] Weighted Error Value: White=0.26 (precise) /Black=0.22 (precise) .  Missed win:     	White=1     	---        Mistake:       	White=1     	Black=3      Inaccurate:     	White=1     	Black=3      OK:         	White=9     	Black=8      Best:        	White=3     	Black=4      Strong:       	White=2     	Black=1} 1/2-1/2

[Event "US Masters 2024"]
[Site "Charlotte"]
[Date "2024.11.28"]
[Round "2.7"]
[White "Park, Evan"]
[Black "Jacobson, Brandon"]
[Result "1-0"]
[ECO "C11"]
[WhiteElo "2375"]
[BlackElo "2583"]
[Annotator "TA"]
[PlyCount "129"]
[EventDate "2024.09.23"]
[EventType "swiss"]
[EventCountry "USA"]
[SourceTitle "playchess.com"]
[Source "ChessBase"]
[SourceQuality "1"]
[TimeControl "5400+30"]

1. e4 e6 2. d4 d5 3. Nc3 Nf6 4. e5 Nfd7 5. f4 c5 6. Nf3 Nc6 7. Be3 Be7 8. Qd2 O-O {[%emt 0:00:14] 8...a6 is more fashionable.} 9. dxc5 Qa5 {[%emt 0:00:50] C11: French: Classical System: 4 e5 and 4 Bg5 dxe4.} 10. a3 a6 11. Bd3 Nxc5 12. h4 $146 ({Predecessor:} 12. O-O Nxd3 13. cxd3 f6 14. b4 Qd8 15. exf6 Bxf6 16. Bc5 Re8 17. Rac1 b6 18. Bf2 {½-½ Girel,J (2479)-Boyer,M (2432) FRA-ch U20 Agen 2024 (7)}) 12... f6 13. Bxc5 Qxc5 14. O-O-O b5 15. exf6 Bxf6 16. Ng5 h6 17. Qe2 Qd6 18. Qh5 Qxf4+ 19. Kb1 Ne5 20. Bh7+ Kh8 21. Rhf1 Bxg5 22. Rxf4 Bxf4 23. Ne2 Bh2 24. g3 Nf3 25. Nf4 Kxh7 26. Qxf3 e5 27. Qxd5 exf4 28. Qxa8 fxg3 29. Re1 h5 30. Re7 Rf2 31. Qe4+ Rf5 32. Qd4 Rf1+ 33. Ka2 Rf7 34. Re5 Bf5 35. Qd5 Bg6 36. Rg5 $2 (36. Re8 Rf4 37. Qg8+ Kh6 38. Qh8+ Bh7 39. Re6+ g6 40. Re7 (40. Rxa6 $18)) 36... Rf2 37. Qc6 Rf6 38. Qd7 Bf7+ 39. b3 Bg6 40. Qc7 Rf2 41. Rc5 Rf6 $2 (41... Rf1 42. Qc6 Bg1) 42. Rd5 $2 ({White has to play} 42. Qb8 $18 {Rc8 would now be deadly.} Bf5 43. Qe5) 42... Rf7 $2 (42... Rf2 $11 {and Black stays safe.} 43. Rc5 Re2) 43. Qb8 $18 Rf2 44. Rc5 Rxc2+ 45. Rxc2 Bxc2 46. Qf4 Bd1 47. Kb2 Bg4 48. Kc3 a5 49. Qe4+ Kh8 50. Qe8+ Kh7 51. Qe4+ (51. Qxb5 g2 52. Qd3+ g6 $11) 51... Kh8 $1 52. Qe5 Kh7 53. Kd3 (53. Qxb5 g2 54. Qd3+ Kh8 (54... g6 55. Qd5 $11) 55. Qd8+ Kh7 56. Qd3+ Kh8 (56... g6 57. Qd5 $11) 57. Qd8+ Kh7 58. Qd3+ $11) 53... Bd1 54. Kc3 (54. Qxb5 g2 55. Qf5+ Kh8 56. Qc8+ Kh7 57. Qf5+ Kh8 58. Qf8+ Kh7 59. Qf5+ $11) 54... Bg4 55. b4 (55. Qxb5 g2 56. Qd3+ Kh8 (56... g6 57. Qe4 $11) 57. Qd8+ Kh7 58. Qd3+ Kh8 (58... g6 59. Qd5 $11) 59. Qd8+ Kh7 60. Qd3+ $11) 55... a4 56. Kd3 (56. Qxb5 g2 57. Qd3+ Kh8 (57... g6 58. Qe3 $11) 58. Qd8+ Kh7 59. Qd3+ g6 $11) 56... Kh8 57. Ke4 Kg8 58. Kd5 (58. Qxb5 $2 g2 59. Qc4+ Kh8 $19) 58... Bd7 59. Kd6 (59. Qxh5 g2 60. Qg5 g1=Q $19 (60... g1=B 61. Qd8+ Kh7 62. Qxd7 Kg6 63. Ke6 Be3 64. Qe8+ Kh6 65. Kf5)) 59... Bg4 60. Kc6 (60. Qxb5 $2 {too greedy.} g2+ 61. Kc6 g1=Q $19 (61... g1=B 62. Qxa4 Bf2 63. Qb3+ Kh8 64. a4 $18)) 60... Kf7 61. Kxb5 ({And not} 61. Qxb5 Bf3+ 62. Kd7 g2 63. Qf5+ Kg8 64. Qxf3 g1=Q $11 (64... g1=B 65. Ke8 Bd6 66. Qd5+ Kh7 67. Kf7 Be3 68. Qxd6 Bh6 69. Qf8 g6 70. Qg8#)) 61... g5 62. hxg5 Bd7+ 63. Ka5 h4 64. Qf4+ Kg6 65. Qxh4 1-0

[Event "US Masters 2024"]
[Site "Charlotte"]
[Date "2024.11.28"]
[Round "2.8"]
[White "De Silva, L M S T"]
[Black "Bruzon Batista, Lazaro"]
[Result "1/2-1/2"]
[ECO "B06"]
[WhiteElo "2370"]
[BlackElo "2578"]
[Annotator "TA"]
[PlyCount "24"]
[EventDate "2024.09.23"]
[EventType "swiss"]
[EventCountry "USA"]
[SourceTitle "playchess.com"]
[Source "ChessBase"]
[SourceQuality "1"]
[TimeControl "5400+30"]

1. e4 c5 2. c3 d5 3. exd5 Qxd5 4. d4 g6 5. Nf3 Bg7 6. Na3 cxd4 7. Nb5 Na6 8. Be3 Nh6 9. Bxd4 Bxd4 10. Qxd4 {[%emt 0:02:19] White is slightly better.} Qxd4 11. Nbxd4 Nc7 12. Nb5 Nxb5 {[%emt 0:09:33] White took control after the opening.   Weighted Error Value: White=0.14 (very precise) /Black=0.07 (flawless) .  OK:         	White=2     	Black=1} 1/2-1/2

[Event "US Masters 2024"]
[Site "Charlotte"]
[Date "2024.11.28"]
[Round "2.9"]
[White "Nyzhnyk, Illya"]
[Black "Stremavicius, Pijus"]
[Result "1-0"]
[ECO "A10"]
[WhiteElo "2576"]
[BlackElo "2346"]
[Annotator "TA"]
[PlyCount "123"]
[EventDate "2024.09.23"]
[EventType "swiss"]
[EventCountry "USA"]
[SourceTitle "playchess.com"]
[Source "ChessBase"]
[SourceQuality "1"]
[TimeControl "5400+30"]

1. Nf3 e6 2. c4 f5 3. g3 Nf6 4. Bg2 d5 5. O-O Be7 6. b3 O-O 7. Bb2 a5 {[%emt 0:00:03] A10: English Opening: Unusual Replies for Black.} 8. Nc3 Ne4 $146 ({Predecessor:} 8... d4 9. Nb5 c5 10. e3 dxe3 11. dxe3 Nc6 12. Ne5 Nxe5 13. Bxe5 Qxd1 14. Raxd1 a4 {½-½ Subelj,J (2498)-Xiong,J (2646) Titled Tuesday intern op 24th Sep Late blitz 2024 (5)}) 9. cxd5 exd5 10. Rc1 c6 11. d3 Nxc3 12. Bxc3 Bf6 13. Qd2 d4 14. Bb2 Na6 15. Rc4 c5 16. Ba3 Be7 17. e3 b5 18. Rcc1 dxe3 19. Qxe3 f4 20. gxf4 Bb7 21. d4 b4 22. Bb2 $1 Bf6 23. Rfd1 Re8 24. Ne5 Bxg2 25. Kxg2 Qd5+ 26. Qf3 (26. f3 $18) 26... Qxf3+ 27. Kxf3 cxd4 28. Bxd4 Rac8 29. Nc6 Nb8 30. Bxf6 $1 (30. Nxa5 $2 Rxc1 31. Rxc1 Bxd4 $17) 30... Nxc6 31. Bb2 Ne7 32. Ke4 g6 33. Rxc8 Rxc8 34. Rc1 Ra8 35. Rc7 Nf5 36. Be5 a4 (36... Rd8 {was worth a try.} 37. Rc2 Rd1) 37. Rb7 $18 axb3 38. axb3 Ra2 39. Kd5 (39. Rxb4 Rxf2 40. h4 Nxh4 $16) 39... Ra5+ 40. Kc4 $1 Ra2 41. Kxb4 (41. Rxb4 Rxf2 42. h3 Rc2+ 43. Kd3 Rh2 $16) 41... Rxf2 42. Kc5 Rxh2 43. b4 Rc2+ 44. Kd5 h5 45. b5 h4 46. Ke6 Rc8 47. Ra7 h3 48. Ra3 $1 Re8+ 49. Kf6 Ng7 50. Rxh3 Re6+ 51. Kg5 Rb6 52. Bxg7 Kxg7 53. Rb3 Kf7 54. Rb2 Ke7 $2 {[%emt 0:01:00][%mdl 8192] [#]} (54... Kg7 $16 55. Rb1 Kf8) 55. Re2+ $1 $18 Kf7 {[%emt 0:00:30] [#]} 56. Re5 $1 Rd6 57. Rc5 Rd1 $2 (57... Rb6 $16 58. Rd5 Ke6 59. Re5+ Kd7) 58. Rc7+ $18 Ke6 59. Rc6+ ({Worse is} 59. Kxg6 Rg1+ 60. Kh5 Kf5 61. Rf7+ Ke6 $11) 59... Kf7 60. Rf6+ (60. Rxg6 {leads to mate.} Rg1+ 61. Kf5 Rxg6 62. Ke5 Rb6 63. Kd5 Rxb5+ 64. Kc4 Ra5 65. Kb4 Rf5 66. Kc4 Rxf4+ 67. Kd3 Ke6 68. Ke3 Rb4 69. Ke2 Rd4 70. Kf3 Kf5 71. Ke3 Rd7 72. Kf3 Re7 73. Kg3 Re3+ 74. Kg2 Kg4 75. Kf2 Re4 76. Kg2 Rf4 77. Kh1 Kh3 78. Kg1 Kg3 79. Kh1 Rf1#) 60... Ke7 61. Kxg6 Rg1+ 62. Kf5 1-0

[Event "US Masters 2024"]
[Site "Charlotte"]
[Date "2024.11.28"]
[Round "2.10"]
[White "Lin, Bryan Enming"]
[Black "Burke, John M"]
[Result "0-1"]
[ECO "B90"]
[WhiteElo "2368"]
[BlackElo "2573"]
[Annotator "TA"]
[PlyCount "52"]
[EventDate "2024.09.23"]
[EventType "swiss"]
[EventCountry "USA"]
[SourceTitle "playchess.com"]
[Source "ChessBase"]
[SourceQuality "1"]
[TimeControl "5400+30"]

1. e4 c5 2. Nf3 d6 3. d4 cxd4 4. Nxd4 Nf6 5. Nc3 a6 6. h4 e5 7. Nb3 Be7 8. Bg5 {[%emt 0:01:21] The position is equal.} Be6 9. Bxf6 Bxf6 10. g3 Be7 11. Qd2 Nd7 12. O-O-O Nf6 13. f4 b5 14. Bg2 Rc8 15. Qe3 (15. Kb1 $1 $11 {keeps the balance.}) 15... Qc7 16. Rd2 O-O $1 17. Rhd1 b4 18. Nd5 {[%emt 0:01:18] [#]} Bxd5 19. exd5 {[%emt 0:02:03] [#]} a5 $1 {[%emt 0:00:11] Strongly threatening ...a4.} 20. fxe5 (20. Kb1 $17 {was called for.}) 20... dxe5 $19 (20... Ng4 21. Qe2 (21. exd6 Nxe3 22. dxc7 Nxd1 $15) 21... Nxe5 22. Nd4) 21. Qd3 {[%emt 0:04:10] Threatens to win with d6.} Rfd8 22. Kb1 a4 {[%emt 0:00:35] aiming for ...e4.} 23. Nc1 a3 24. b3 $2 {[%emt 0:06:00] [#]} (24. bxa3 {is a better defense.} bxa3 25. c4) 24... e4 $1 25. d6 (25. Bxe4 Qe5) 25... Rxd6 26. Qe3 {[%emt 0:00:34] [#]} Nd5 $1 {[%emt 0:00:20][%mdl 512] Weighted Error Value: White=0.78/Black=0.03 (flawless) .  Mistake:       	White=3     	---        Inaccurate:     	White=4     	Black=1      OK:         	White=7     	Black=10     Strong:       	---       	Black=2      Brilliant:      	---       	Black=1} 0-1